 Dungeon Crawl Stone Soup version 0.24.1-4-ge52af88ad5 (webtiles) character file.

Game seed: 10731638829413490424, levelgen mode: deterministic

20 Descartes the Ducker (level 2, 0/14 HPs)
             Began as a Felid Monk on Apr 19, 2020.
             Succumbed to an adder's poison
             ... on level 1 of the Dungeon.
             The game lasted 00:01:22 (993 turns).

Descartes the Ducker (Felid Monk)                    Turns: 993, Time: 00:01:23

Health: 0/14       AC:  1    Str:  7    XL:     2   Next: 58%
Magic:  3/3        EV: 20    Int: 11    God:
Gold:   79         SH:  0    Dex: 18    Spells: 1/1 levels left
                                        Lives:  0   Deaths: 0

rFire    . . .     SeeInvis +     - Unarmed
rCold    . . .     Gourm    .   (shield unavailable)
rNeg     . . .     Faith    .   (armour unavailable)
rPois    .         Spirit   .   (helmet unavailable)
rElec    .         Reflect  .   (cloak unavailable)
rCorr    .         Harm     .   (gloves unavailable)
MR       .....                  (boots unavailable)
Stlth    +++.......             (no amulet)
HPRegen  0.04/turn              (no ring)
MPRegen  0.08/turn              (no ring)

@: lethally poisoned (0 -> -6), quick
A: very small, no armour, no weapons or thrown items, stealth, claws 1, fangs 3,
see invisible, carnivore, speed 1, shaggy fur 1, slow metabolism 1, sharp paws
a: no special abilities


You were on level 1 of the Dungeon.
You were completely stuffed.

You visited 1 branch of the dungeon, and saw 2 of its levels.

You collected 79 gold pieces.

Inventory:

Missiles
 f - 26 arrows
 g - 39 stones
Scrolls
 c - a scroll of teleportation {unknown}
 d - a scroll of magic mapping {unknown}
 h - a scroll of noise {unknown}
 j - a scroll of remove curse {unknown}
Potions
 e - 2 potions of resistance {unknown}
 i - 2 potions of curing {unknown}
Comestibles
 a - 3 rations


   Skills:
 + Level 3.2 Fighting
 + Level 4.2 Dodging
 * Level 3.4 Stealth
 * Level 3.3 Unarmed Combat


You had one spell level left.
You didn't know any spells.
Your spell library was empty.

Dungeon Overview and Level Annotations

Branches:
Dungeon (2/15)

Altars:


Innate Abilities, Weirdness & Mutations

You cannot wear armour.
You are incapable of wielding weapons or throwing items.
Your paws allow you to move quietly. (Stealth)
You have sharp claws.
You have razor-sharp teeth.
You have supernaturally acute eyesight. (SInv)
You are carnivorous and can eat meat at any time.
You cover ground quickly.
You are covered in fur. (AC +1)
You have a slow metabolism.
Your sharp claws are effective at attacking unaware monsters.


Message History

The howler monkey skeleton hits you but does no damage.
The goblin shouts!
The adder closely misses you. The howler monkey skeleton hits you.
The adder completely misses you.
You climb upwards.
There is a stone staircase leading down here.
You barely miss the adder. The adder barely misses you.
You closely miss the adder. The adder bites you.
You scratch the adder.
The adder is heavily wounded.
The adder barely misses you.
You miss the adder.
The adder is heavily wounded.
The adder closely misses you. The adder bites you.
* * * LOW HITPOINT WARNING * * *
You are lethally poisoned!
The adder poisons you!
You barely miss the adder.
The adder is heavily wounded.
You die...

.................#
###..............#
..#..............#
#.############...#
#'####### ##..#
........# #..#
........# #..#
........########S#
.............# #@#
#+#'########.# #.#
#.#.#.[.# ##.###.#
........###...##.#
#.#.#.####..#..#.#
#.#.#.# #.###รท..#
#...#.# #..#....##
....#.# ##....#..#
###.#.# ##..###.#


You could see an adder.

Vanquished Creatures
  2 dart slugs (D:1)
  A leopard gecko (D:1)
  A giant cockroach (D:1)
  3 goblins (D:1)
  2 hobgoblins (D:1)
  A kobold (D:1)
  A bat (D:1)
  A frilled lizard (D:1)
  2 rats (D:1)
14 creatures vanquished.

Notes
Turn   | Place    | Note
-------+----------+-------------------------------------------
     0 | D:1      | Descartes the Felid Monk began the quest for the Orb.
     0 | D:1      | Reached XP level 1. HP: 10/10 MP: 2/2
   345 | D:1      | Reached XP level 2. HP: 14/14 MP: 3/3
   993 | D:1      | Succumbed to an adder's poison

Levels and vault maps discovered:
D:1:      evilmike_arrival_crescent, layout_basic, minmay_pentomino_x2
D:2:      layout_rooms, grunt_ministairs_13

Skill      XL: |  1 |
---------------+----+-----
Stealth        | 3 |  3.4
Fighting       | |  3.2
Dodging        | |  4.2
Unarmed Combat | |  3.3

Action                   || total
-------------------------++-------
Melee: Unarmed           ||    43
       Bite              ||     2
 Stab: Sleeping          ||     4
  Eat: Chunk             ||     7
Armor: Skin              ||     2
Dodge: Dodged            ||    27
